 Dungeon Crawl Stone Soup version 0.26-a0-835-g8259106e14 (webtiles) character file.

Game seed: 6355094524149886092

142 Kinoniko the Cutter (level 5, -2/32 HPs)
             Began as a Kobold Fighter on Nov 17, 2020.
             Killed by divine providence
             ... invoked by an orc priest
              (10 damage)
             ... on level 4 of the Dungeon.
             The game lasted 00:02:50 (3626 turns).

Kinoniko the Cutter (Kobold Fighter)                Turns: 3626, Time: 00:02:50

Health: -2/32      AC:  9    Str: 15    XL:     5   Next: 49%
Magic:  5/5        EV:  8    Int:  9    God:
Gold:   227        SH:  0    Dex: 20    Spells: 4/4 levels left

rFire    . . .     SeeInvis .   a - +0 rapier
rCold    . . .     Faith    +   (shield restricted)
rNeg     . . .     Spirit   .   n - +0 chain mail
rPois    .         Reflect  .   (no helmet)
rElec    .         Harm     .   r - +0 cloak
rCorr    +         Rampage  .   (no gloves)
MR       .....                  (no boots)
Stlth    +.........             v - amulet of faith
HPRegen  0.10/turn              o - ring of resist corrosion
MPRegen  0.09/turn              t - +6 ring of dexterity

@: no status effects
A: small, nightstalker 3
a: no special abilities


You were on level 4 of the Dungeon.
You visited 1 branch of the dungeon, and saw 4 of its levels.

You collected 227 gold pieces.

Inventory:

Hand Weapons
 a - a +0 rapier (weapon)
Armour
 b - a +0 scale mail
 c - a +0 kite shield
 n - a +0 chain mail (worn)
 r - a +0 cloak (worn)
Jewellery
 o - a ring of resist corrosion (left hand)
 t - a +6 ring of dexterity (right hand)
 v - an amulet of faith (around neck)
Wands
 q - a wand of polymorph (9)
Scrolls
 f - a scroll of identify
 i - 3 scrolls of teleportation
 p - 2 scrolls of remove curse
Potions
 d - a potion of might
 e - a potion of invisibility {unknown}
 g - 2 potions of resistance {unknown}
 h - 2 potions of cancellation
 j - a potion of haste {unknown}
 k - 2 potions of curing {unknown}
 l - a potion of heal wounds {unknown}
 m - 2 potions of magic {unknown}
 w - 3 potions of brilliance {unknown}


   Skills:
 - Level 3.2 Fighting
 * Level 5.9 Short Blades
 - Level 2.4 Armour
 + Level 3.7 Stealth
 - Level 2.4 Shields


You had 4 spell levels left.
You didn't know any spells.
Your spell library was empty.

Dungeon Overview and Level Annotations

Branches:
Dungeon (4/15)
 Temple: D:4-7

Altars:
Okawaru


Innate Abilities, Weirdness & Mutations

You are small and have problems with some larger weapons.
You are completely attuned to the shadows.


Message History

You hit the orc priest.
The orc priest is moderately wounded.
The orc hits you with a +0 short sword. The orc hits you but does no damage.
You closely miss the orc priest.
The orc priest is moderately wounded.
The orc priest mumbles some strange prayers to Beogh against you.
Beogh smites you! The orc hits you but does no damage.
You are too injured to fight recklessly!
You are too injured to fight recklessly!
You are too injured to fight recklessly!
You hit the orc priest.
The orc priest is heavily wounded.
The orc barely misses you.
The orc priest looks braver for a moment.
The orc hits you with a +0 short sword.
* * * LOW HITPOINT WARNING * * *
It was a potion of cancellation.
You feel magically purged.
The orc priest calls down the wrath of Beogh upon you.
Beogh smites you!
You die...

........ .....$.
...... #......#
#oo.# #......#
#@o.#
#......###...###
#...............
###.........###..
##...#...#......#
###...####....#####
###...### ##..##
....### #..# ...##
#..#


You could see an orc priest and 2 orcs.

Vanquished Creatures
  An orc wizard (D:4)
  3 gnolls (D:2)
  2 adders
  An ooze (D:2)
  A worm (D:2)
  A dart slug (D:3)
  3 leopard geckos
  7 orcs
  A ball python (D:3)
  4 bats
  4 giant cockroaches
  5 hobgoblins
  5 kobolds
  A quokka (D:3)
  2 frilled lizards
  5 goblins
  4 rats
50 creatures vanquished.

Notes
Turn   | Place    | Note
-------+----------+-------------------------------------------
     0 | D:1      | Kinoniko the Kobold Fighter began the quest for the Orb.
     0 | D:1      | Reached XP level 1. HP: 14/14 MP: 1/1
   284 | D:1      | Reached skill level 3 in Short Blades
   558 | D:1      | Reached skill level 1 in Stealth
   558 | D:1      | Reached XP level 2. HP: 19/19 MP: 2/2
  1386 | D:2      | Reached skill level 4 in Short Blades
  1386 | D:2      | Reached XP level 3. HP: 11/23 MP: 3/3
  1648 | D:2      | Found an iron altar of Okawaru.
  1807 | D:2      | Reached XP level 4. HP: 11/28 MP: 4/4
  2049 | D:2      | Reached skill level 5 in Short Blades
  2962 | D:3      | Reached XP level 5. HP: 29/32 MP: 5/5
  3626 | D:4      | Killed from afar by an orc priest

Illustrated notes

Levels and vault maps discovered:
D:1:      eino_arrival_cavern_a, layout_basic, chequers_serial_rivers_room_a,
          minmay_distorted
D:2:      layout_basic, overflow_temple_1_default
D:3:      layout_basic, minmay_splitting_lines
D:4:      layout_cave_pods, gup_sewer_entry_glass, minmay_misc_feat_cross

Skill      XL: |  1  2  3  4 |
---------------+-------------+-----
Short Blades   | 3 4 5 |  5.9
Stealth        | 1 2 3 |  3.7
Fighting       | |  3.2
Armour         | |  2.4
Shields        | |  2.4

Action                   |  1- 3 |  4- 6 || total
-------------------------+-------+-------++-------
Melee: Rapier            |    60 |    97 ||   157
  Use: Potion            |     1 |     1 ||     2
       Scroll            |       |     7 ||     7
 Stab: Sleeping          |     1 |       ||     1
Armor: Scale mail        |    11 |       ||    11
       Chain mail        |     9 |    43 ||    52
Dodge: Dodged            |    36 |    37 ||    73

Table legend: (Time is in decaauts)
 A = Elapsed time spent in this place.
 B = Non-inter-level travel time spent in this place.
 C = Inter-level travel time spent in this place.
 D = Time resting spent in this place.
 E = Time spent auto-exploring this place.
 F = Levels seen in this place.
 G = Mean time per level.
                   A        B        C        D        E       F      G
               +--------+--------+--------+--------+--------+-----+--------+
         Total |   3619 |   3510 |    109 |    395 |   2792 |   4 |  904.8 |
       Dungeon |   3619 |   3510 |    109 |    395 |   2792 |   4 |  904.8 |
               +--------+--------+--------+--------+--------+-----+--------+

Top non-repeatable levels by time:
     D:1: 1324 daAuts
     D:2: 1216 daAuts
     D:3: 1034 daAuts
     D:4: 44 daAuts
